 Dungeon Sprint DCSS version 0.30-a0-465-g8901f6c8b5 (webtiles) character file.

Game seed: 16477935740539371244

0 NinjaNoafa the Gusty (level 1, 0/11 HPs)
             Began as a Tengu Air Elementalist on Dec 19, 2022.
             Was an Initiate of Yredelemnul.
             Succumbed to a kobold brigand's poison
             ... in the Dungeon (Sprint VI: "Thunderdome").
             The game lasted 00:01:00 (114 turns).

NinjaNoafa the Gusty (Tengu Air Elementalist)        Turns: 114, Time: 00:01:01

Health: 0/11       AC:  2    Str:  8    XL:     1   Next: 20%
Magic:  1/4        EV: 12    Int: 15    God:    Yredelemnul [......]
Gold:   200        SH:  0    Dex: 14    Spells: 3/4 levels left

rFire   . . .      SeeInvis .    (no weapon)
rCold   . . .      Faith    .    (no shield)
rNeg    . . .      Spirit   .    a - +0 robe
rPois   .          Reflect  .    (helmet restricted)
rElec   .          Harm     .    (no cloak)
rCorr   .          Rampage  .    (no gloves)
Will    .....      NoTele   +    (boots unavailable)
Stlth   ++........               (no amulet)
HPRegen 0.21/turn                (no ring)
MPRegen 0.09/turn                (no ring)

@: lethally poisoned (0 -> -5)
A: beak, talons 3
a: Renounce Religion, Recall Undead Harvest


You were in the Dungeon.
You worshipped Yredelemnul.
Yredelemnul was noncommittal.
You visited 1 branch You collected 200 gold pieces.

Inventory:

Armour
 a - a +0 robe (worn)
Wands
 i - a wand of acid (5)
 j - a wand of roots (5)
Scrolls
 g - 4 scrolls of blinking
 k - 3 scrolls of fog
Potions
 b - 3 potions of magic
 c - a potion of curing
 d - 4 potions of heal wounds
 e - 4 potions of haste
 f - a potion of berserk rage
 h - a potion of resistance


   Skills:
 + Level 0.4 Fighting
 + Level 2.3 Dodging
 - Level 2.0 Stealth
 + Level 2.1 Spellcasting
 + Level 1.7 Conjurations
 * Level 4.4 Air Magic


You had 3 spell levels left.
You knew the following spells:

 Your Spells              Type           Power      Damage    Failure   Level
a - Shock                 Conj/Air       40%        1d5       6%          1

Your spell library contained the following spells:

 Spells                   Type           Power      Damage    Failure   Level
 Static Discharge         Conj/Air       20%        2-3/arc   10%         2
 Swiftness                Air            14%        N/A       11%         3
 Airstrike                Air            7%         2d(1-17)  34%         4


Dungeon Overview and Level Annotations

Branches:
Dungeon (1/1)

Altars:
Cheibriados
Dithmenos
Fedhas
Gozag
Kikubaaqudgha
Makhleb
Okawaru
Qazlal
Ru
Sif Muna
Trog
Uskayaw
Vehumet
Wu Jian
Xom
Yredelemnul
Zin
The Shining One
Lugonu

Shops:
D *[??*?*:[((!!!!


Innate Abilities, Weirdness & Mutations

You have a beak for a mouth.
You have claws for feet.


Message History

Magic restored.
There is an entrance to Jaosh's Bottled Wisdom here.
You pace your travel speed to your slowest ally.
There is an entrance to Wesass's Do-It-Yourself Clinic here.
There is an entrance to Jaosh's Bottled Wisdom here.
There is an entrance to Madokk's Distillery here.
There is an entrance to Herph's Distillery here.
There is a bloodstained altar of Trog here.
There is a glowing golden altar of the Shining One here.
There is a snail-covered altar of Cheibriados here.
Key pressed, stopping explore.
Unknown command.
Unknown command.
A goblin comes into view. It is wielding a +2 dagger of pain.
There is an opulent altar of Gozag here.
Unknown command.
Press < or > to pray at altars.
A goblin is nearby!
A kobold brigand comes into view.
It is wielding a +0 dagger and quivering poisoned darts.
The zap misses the goblin.
The kobold brigand throws a poisoned dart.
The poisoned dart completely misses you.
The zap hits the kobold brigand.
The kobold brigand is lightly wounded.
A kobold comes into view. It is wielding a +0 whip.
Your hobgoblin zombie hits the goblin.
The goblin hits you but does no damage.
The zap misses the goblin.
The kobold shouts!
The kobold brigand barely misses you.
The goblin hits you with a +2 dagger of pain.
The goblin attacks as you move away!
The goblin hits you with a +2 dagger of pain.
* * * LOW HITPOINT WARNING * * *
Your hobgoblin zombie barely misses the goblin.
The kobold brigand throws a poisoned dart.
The poisoned dart hits you.
You are lethally poisoned!
You die...
Your body rises from the dead as a mindless zombie.

##### ##⌠⌠⌠## #.....#
##.....## ##∩.....∩##
#∩.......∩# #........_#
#_...Z@.._# #_...g..._#
###.........###
#⌠....K......⌠#
######.8.........8.######
##.___......###......___∩##
#∩........8.# #.8........∩###
........K...###.............##
.........###...###..........⌠#


You could see a kobold brigand, a goblin (ally target), a kobold and a friendly
hobgoblin zombie.

Vanquished Creatures
  A hobgoblin (D)
1 creature vanquished.

Notes
Turn   | Place    | Note
-------+----------+-------------------------------------------
     0 | D        | NinjaNoafa the Tengu Air Elementalist began the quest for
                  | the Orb.
     0 | D        | Reached XP level 1. HP: 10/10 MP: 4/4
     1 | D        | Found a snail-covered altar of Cheibriados.
     1 | D        | Found an opulent altar of Gozag.
     2 | D        | Found a glowing golden altar of the Shining One.
     2 | D        | Found a shimmering altar of Xom.
     4 | D        | Found an ancient bone altar of Kikubaaqudgha.
     4 | D        | Found a burning altar of Makhleb.
     4 | D        | Found Zemoj's Staff Store.
     4 | D        | Found Quin's Magic Scroll Shop.
     5 | D        | Found Ussurynn's Must-Have Magic.
     5 | D        | Found Gemmuc's Magic Scroll Shop.
     5 | D        | Round 1.
    10 | D        | Found a radiant altar of Vehumet.
    11 | D        | Found a sacrificial altar of Ru.
    12 | D        | Found an ornate altar of the Wu Jian Council.
    13 | D        | Found a shadowy altar of Dithmenos.
    13 | D        | Found a corrupted altar of Lugonu.
    13 | D        | Found Giton's Identification Station.
    14 | D        | Found Heyschem's Jewellery.
    14 | D        | Found Anes's Advanced Armour.
    17 | D        | Found an iron altar of Okawaru.
    18 | D        | Found a blossoming altar of Fedhas.
    19 | D        | Found a shimmering blue altar of Sif Muna.
    20 | D        | Found a stormy altar of Qazlal.
    20 | D        | Found Baufump's Premium Goods.
    20 | D        | Found Loaloxei's Weapon Rack.
    21 | D        | Found Wibicre's Miscellaneous Merchandise.
    21 | D        | Found Cira's Basic Armour.
    24 | D        | Found a hide-covered altar of Uskayaw.
    25 | D        | Found a glowing silver altar of Zin.
    26 | D        | Found a basalt altar of Yredelemnul.
    27 | D        | Found Wesass's Do-It-Yourself Clinic.
    28 | D        | Found Jaosh's Bottled Wisdom.
    28 | D        | Found Madokk's Distillery.
    28 | D        | Found a bloodstained altar of Trog.
    28 | D        | Found Herph's Distillery.
    40 | D        | Became a worshipper of Yredelemnul the Dark
   105 | D        | Noticed a kobold brigand
   114 | D        | Succumbed to a kobold brigand's poison

Illustrated notes

Levels and vault maps discovered:
D:        arena_sprint

Action                   || total
-------------------------++-------
 Cast: Shock             ||     7
Armor: Robe              ||     1
Dodge: Dodged            ||     3

Table legend: (Time is in decaauts)
 A = Elapsed time spent in this place.
 B = Non-inter-level travel time spent in this place.
 C = Inter-level travel time spent in this place.
 D = Time resting spent in this place.
 E = Time spent auto-exploring this place.
 F = Levels seen in this place.
 G = Mean time per level.
                   A        B        C        D        E       F      G
               +--------+--------+--------+--------+--------+-----+--------+
         Total |    119 |    119 |      0 |      0 |     63 |   1 |  119.0 |
       Dungeon |    119 |    119 |      0 |      0 |     63 |   1 |  119.0 |
               +--------+--------+--------+--------+--------+-----+--------+

Top non-repeatable levels by time:
       D: 119 daAuts
